 Dungeon Crawl Stone Soup version 0.29-a0-870-g2c972031a6 (webtiles) character file.

Game seed: 14567766499099372019

359 Sabo the Chopper (level 6, -2/39 (49) HPs)
             Began as a Formicid Fighter on July 17, 2022.
             Was a Believer of Trog.
             Slain by a river rat (5 damage)
             ... summoned by Eustachio
             ... on level 4 of the Dungeon.
             The game lasted 00:25:48 (5171 turns).

Sabo the Chopper (Formicid Fighter)                 Turns: 5171, Time: 00:25:49

HP:   -2/39 (49)    AC: 11    Str: 23    XL:     6   Next: 97%
MP:   6/6           EV:  8    Int:  7    God:    Trog [**....]
Gold: 43            SH:  5    Dex: 13    Spells: 5/5 levels left

rFire   . . .      SeeInvis +   a - +0 war axe
rCold   + + .      Faith    .   c - +0 buckler
rNeg    . . .      Spirit   .   p - +1 chain mail {rC+}
rPois   .          Reflect  .   (helmet unavailable)
rElec   +          Harm     .   (no cloak)
rCorr   .          Rampage  .   (no gloves)
Will    .....                   q - +0 pair of boots "Pyrazic" {rElec rC+ SInv}
Stlth   ..........              (no amulet)
HPRegen 0.13/turn               (no ring)
MPRegen 0.10/turn               (no ring)

@: mighty, heavily drained
A: permanent stasis, dig shafts and tunnels, antennae 3, four strong arms
a: Dig, Shaft Self, Renounce Religion, Trog's Hand


You were on level 4 of the Dungeon.
You worshipped Trog.
Trog was pleased with you.
You visited 1 branch of the dungeon, and saw 4 of its levels.

You collected 261 gold pieces.
You spent 218 gold pieces at shops.

Inventory:

Hand Weapons
 a - a +0 war axe (weapon)
Missiles
 f - 2 boomerangs
 k - 2 poisoned darts (quivered)
Armour
 c - a +0 buckler (worn)
 p - a +1 chain mail of cold resistance (worn)
 q - the +0 pair of boots "Pyrazic" (worn) {rElec rC+ SInv}
   (You bought it in a shop on level 1 of the Dungeon)

   rC:        It protects you from cold.
   rElec:     It insulates you from electricity.
   SInv:      It lets you see invisible.
Scrolls
 j - a scroll of poison {unknown}
 o - a scroll of vulnerability {unknown}
 r - a scroll of fog {unknown}
Potions
 b - a potion of invisibility {unknown}
 g - a potion of curing {unknown}
 h - a potion of brilliance {unknown}
 i - 2 potions of heal wounds {unknown}
 l - a potion of mutation {unknown}
 m - a potion of attraction {unknown}
 n - a potion of ambrosia {unknown}


   Skills:
 + Level 4.3 Fighting
 + Level 4.7 Axes
 + Level 1.3 Throwing
 + Level 4.7 Armour
 + Level 0.9 Dodging
 + Level 0.3 Stealth
 + Level 4.5 Shields


You had 5 spell levels left.
You didn't know any spells.
Your spell library was empty.

Dungeon Overview and Level Annotations

Branches:
Dungeon (4/15)
 Temple: D:4-7

Altars:
Trog
Xom

Shops:
D:1 *

Annotations:
D:4 Eustachio


Innate Abilities, Weirdness & Mutations

You cannot be hasted, slowed, berserked, paralysed or teleported.
You can dig through walls and to a lower floor.
You have a pair of large antennae on your head. (SInv)
Your four strong arms can wield two-handed weapons with a shield.


Message History

Eustachio is heavily wounded.
You closely miss the river rat. You block the river rat's attack.
Eustachio hits you with a +0 rapier.
You slash Eustachio!
Eustachio is severely wounded.
You hit the river rat. The river rat barely misses you.
Eustachio casts a spell.
Eustachio blinks!
The river rat attacks as you move away! You block the river rat's attack.
Eustachio calls on the powers of shadow!
Eustachio gestures wildly while chanting.
Eustachio blinks!
You block the rat's attack.
You hit the rat.
You kill the rat!
The rat's corpse disappears in a puff of smoke!
You miss Eustachio. You hit the river rat but do no damage.
Eustachio hits you with a +0 rapier. The river rat bites you.
Eustachio hits you with a +0 rapier.
* * * LOW HITPOINT WARNING * * *
The river rat bites you but does no damage.
You hit Eustachio.
Eustachio is almost dead.
You hit the river rat. You block the river rat's attack.
Eustachio hits you but does no damage.
You hit Eustachio.
Eustachio is almost dead.
You barely miss the river rat. Eustachio hits you with a +0 rapier.
* * * LOW HITPOINT WARNING * * *
The river rat bites you.
* * * LOW HITPOINT WARNING * * *
You hit Eustachio but do no damage.
Eustachio is almost dead.
You barely miss the river rat. You block the river rat's attack.
Eustachio gestures wildly while chanting.
Eustachio closely misses you.
The river rat twitches its whiskers.
The river rat closely misses you.
You feel very mighty all of a sudden.
The ufetubus barely misses you. x2; The river rat bites you.
You die...

#.# #.##
#?.# ##.#
#.# #.# #r#
>########@#
......)r@5#
.##########


You could see Eustachio, 2 river rats and an ufetubus (summoned).

Vanquished Creatures
  A black bear (D:3)
  A howler monkey (D:4)
  An orc priest (D:4)
  Terence (D:3)
  2 orc wizards
  Natasha (D:4)
  A gnoll (D:1)
  An adder (D:2)
  2 worms
  2 dart slugs (D:3)
  10 orcs
  9 endoplasms
  3 giant cockroaches
  6 hobgoblins
  A quokka (D:2)
  6 ball pythons
  4 bats
  4 frilled lizards
  5 goblins
  7 kobolds
  7 rats
75 creatures vanquished.

Vanquished Creatures (others)
  63 plants
63 creatures vanquished.

Grand Total: 138 creatures vanquished

Notes
Turn   | Place    | Note
-------+----------+-------------------------------------------
     0 | D:1      | Sabo the Formicid Fighter began the quest for the Orb.
     0 | D:1      | Reached XP level 1. HP: 18/18 MP: 1/1
   202 | D:1      | Reached XP level 2. HP: 19/24 MP: 2/2
   298 | D:1      | Found a faded altar of an unknown god.
   308 | D:1      | Prayed at the altar of an unknown god.
   308 | D:1      | Became a worshipper of Trog the Wrathful
   308 | D:1      | Reached * piety under Trog
   554 | D:1      | Reached XP level 3. HP: 22/29 MP: 3/3
  1120 | D:1      | Found Rucesm's Assorted Antiques.
  1882 | D:2      | Reached XP level 4. HP: 37/37 MP: 4/4
  1923 | D:2      | Found a shimmering altar of Xom.
  2479 | D:2      | Reached ** piety under Trog
  2863 | D:3      | Reached XP level 5. HP: 25/42 MP: 5/5
  3058 | D:3      | Noticed a black bear
  3065 | D:3      | Killed a black bear
  3066 | D:3      | Reached skill level 1 in Throwing
  3066 | D:3      | Reached XP level 6. HP: 37/48 MP: 6/6
  3400 | D:3      | Noticed Terence
  3415 | D:3      | Killed Terence
  3775 | D:1      | Bought a pair of crude boots for 218 gold pieces
  3775 | D:1      | Identified the +0 pair of boots "Pyrazic" {rElec rC+ SInv}
                  | (You bought it in a shop on level 1 of the Dungeon)
  4755 | D:4      | Noticed Natasha
  4761 | D:4      | Killed Natasha
  5133 | D:4      | Noticed Eustachio
  5171 | D:4      | Slain by a river rat

Illustrated notes

Levels and vault maps discovered:
D:1:      roderic_crop_circles_arrival_small, layout_loops_corners,
          hellmonk_ecumenical_altar_zigzags, serial_shops, shop,
          kennysheep_small_spiral
D:2:      layout_basic, basic_altar
D:3:      layout_loops_cross, chequers_big_river, minmay_misc_feat_enclosed,
          uniq_terence
D:4:      layout_loops_ring, uniq_eustachio, uniq_natasha

Skill      XL: |  1  2  3  4  5 |
---------------+----------------+-----
Armour         | 4 |  4.7
Axes           | 3 4 |  4.7
Fighting       | 4 |  4.3
Throwing       | 1 |  1.3
Dodging        | |  0.9
Stealth        | |  0.3
Shields        | |  4.5

Action                   |  1- 3 |  4- 6 || total
-------------------------+-------+-------++-------
Melee: War axe           |   127 |   157 ||   284
Throw: Boomerang         |     4 |     5 ||     9
       Dart              |     1 |    18 ||    19
Invok: Trog's Hand       |       |     1 ||     1
 Abil: Dig               |       |     1 ||     1
  Use: Scroll            |       |     3 ||     3
       Potion            |       |     1 ||     1
Armor: Scale mail        |    21 |       ||    21
       Chain mail        |       |    82 ||    82
Dodge: Dodged            |    31 |    57 ||    88
Block: Buckler           |    14 |    38 ||    52

Table legend: (Time is in decaauts)
 A = Elapsed time spent in this place.
 B = Non-inter-level travel time spent in this place.
 C = Inter-level travel time spent in this place.
 D = Time resting spent in this place.
 E = Time spent auto-exploring this place.
 F = Levels seen in this place.
 G = Mean time per level.
                   A        B        C        D        E       F      G
               +--------+--------+--------+--------+--------+-----+--------+
         Total |   5292 |   5292 |      0 |   1282 |      0 |   4 | 1323.0 |
       Dungeon |   5292 |   5292 |      0 |   1282 |      0 |   4 | 1323.0 |
               +--------+--------+--------+--------+--------+-----+--------+

Top non-repeatable levels by time:
     D:3: 1994 daAuts
     D:1: 1642 daAuts
     D:2: 1130 daAuts
     D:4: 524 daAuts
